Cogmind - Beta 15 *** ADVENTURER MODE // 2025.06.10 @ 15:11:59 Player: triibiis Result: Destroyed by H-61 Shepherd with Heavy Assault Cannon Performance ------------- Evolutions (4) 2000 Regions Visited (4) 800 Robots Destroyed (26) 130 Value Destroyed (741) 741 Prototype IDs (1) 20 Alien Tech Used (0) 0 Bonus (0) 0 TOTAL SCORE: 3691 Bonus ------- None Cogmind --------- Core Integrity 0/850 Matter 55/300 Energy 35/100 System Corruption 1% Temperature Cool (0) Movement Flying (32) Location -6/Factory Parts ------- > --- POWER (2) -------- (None) > --- PROPULSION (3) --- Surge Thruster > --- UTILITY (5) ------ (None) > --- WEAPON (5) ------- (None) > --- INVENTORY (5) ---- Ion Engine Light Ion Engine Light Fission Core Peak State ------------ > --- POWER ------------ Light Fission Core Fusion Compressor > --- PROPULSION ------- Light Treads Light Treads > --- UTILITY ---------- Small Storage Unit Improved Terrain Scan Processor Force Field > --- WEAPON ----------- Heavy Particle Cannon Rocket Launcher Heavy Missile Launcher Heavy Missile Launcher Heavy Missile Launcher > --- INVENTORY -------- Ion Engine Light Ion Engine Assault Rifle Assault Rifle Heavy Missile Launcher [Rating: 38] Favorites ----------- Power Ion Engine Engine Ion Engine Power Core Light Fission Core Propulsion Light Treads Treads Light Treads Flight Unit VTOL Module Utility Small Storage Unit Device Force Field Storage Small Storage Unit Processor Improved Terrain Scan Processor Weapon Heavy Missile Launcher Energy Gun Medium Laser Energy Cannon Heavy Particle Cannon Ballistic Gun Assault Rifle Launcher Heavy Missile Launcher Build | -11 -10 -10 -8 -6 ------- Run | Yrd Mat Sub Scr Fac Slots Evolved 8 | . . . . 8 Power 1 | . . . . 1 Propulsion 1 | . . . . 1 Utility 3 | . . . . 3 Weapon 3 | . . . . 3 Parts Attached 24 | 6 3 . 4 11 Power 3 | 1 . . 1 1 Engine 1 | 1 . . . . Core 2 | . . . 1 1 Reactor . | . . . . . Propulsion 4 | 2 . . . 2 Treads 2 | 2 . . . . Leg . | . . . . . Wheel . | . . . . . Hover . | . . . . . Flight 2 | . . . . 2 Utility 3 | 1 . . 1 1 Device 1 | . . . . 1 Storage 1 | 1 . . . . Processor 1 | . . . 1 . Hackware . | . . . . . Protection . | . . . . . Artifact . | . . . . . Weapon 14 | 2 3 . 2 7 Energy Gun 2 | 1 . . . 1 Energy Cannon 2 | . . . 1 1 Ballistic Gun 2 | 1 . . . 1 Ballistic Cannon . | . . . . . Launcher 8 | . 3 . 1 4 Special Weapon . | . . . . . Impact Weapon . | . . . . . Slashing Weapon . | . . . . . Piercing Weapon . | . . . . . Special Melee Weapon . | . . . . . Unidentified Prototypes 1 | . . . . 1 Parts Lost 17 | . . . . 17 Power 1 | . . . . 1 Propulsion 3 | . . . . 3 Utility 3 | . . . . 3 Weapon 10 | . . . . 10 Highest Loss Streak 13 | . . . . 13 To Critical Strikes . | . . . . . Average Backups 4 | . 2 4 6 5 Power 1 | . 1 1 1 2 Propulsion . | . . . . . Utility . | . . . . . Weapon 3 | . 1 3 5 3 Tool/Special . | . . . . . Unused Backups 1 | . . . . 1 Power 1 | . . . . 1 Propulsion . | . . . . . Utility . | . . . . . Weapon . | . . . . . Tool/Special . | . . . . . Average Slot Usage (%) 82 | . 84 85 95 64 Engine 6 | . 14 14 3 2 Core 5 | . . . 10 5 Treads 22 | . 28 28 28 10 Storage 11 | . 14 14 14 5 Processor 5 | . . . 10 5 Energy Cannon 6 | . . . 12 5 Ballistic Gun 1 | . 4 . . . Launcher 19 | . 21 28 15 21 Peak Build Rating 38 | 6 6 6 18 38 Average Rating 15 | 4 5 6 14 27 On Entrance 7 | . 6 6 6 18 Naked Turns 7 | . . . . 7 Heaviest Build 55 | 14 16 16 22 55 Greatest Support 40 | 40 40 40 40 40 Greatest Overweight (x) 13 | . . . . 13 Average Overweight (x) . | . . . . . Largest Inventory Capacity 8 | 8 8 8 8 8 Average Capacity 7 | 7 8 8 8 7 Most Carried 8 | 2 4 4 8 7 Average Carried 5 | 1 2 4 6 5 Final Capacity 8 | 8 8 8 8 5 Final Carried 8 | 2 4 4 8 3 Class Distribution -------------------- 75% | Mutant 24% | Bomber Dominant Class ---------------- Mutant | -10/Materials Mutant | -10/Subcaves Mutant | -8/Scraptown Bomber | -6/Factory Resources | -11 -10 -10 -8 -6 ----------- Run | Yrd Mat Sub Scr Fac Matter Collected 551 | 260 181 6 38 66 Remotely . | . . . . . Salvage Created 636 | . 418 42 . 176 Parts 37 | . 25 7 . 5 Haulers Intercepted . | . . . . . Recyclers Shooed . | . . . . . Parts Field Recycled . | . . . . . Retrieved Matter . | . . . . . Parts Self-Destructed 3 | . . 3 . . Prevented . | . . . . . Kills | -11 -10 -10 -8 -6 ------- Run | Yrd Mat Sub Scr Fac Combat Hostiles Destroyed 21 | . 13 2 . 6 Guns 7 | . 3 . . 4 Cannons 1 | . . . . 1 AOE 13 | . 10 2 . 1 Classes Destroyed 7 | . 5 1 . 1 Worker 2 | . 2 . . . Recycler 1 | . 1 . . . Watcher 2 | . 2 . . . Swarmer 7 | . 3 . . 4 Cutter 1 | . . . . 1 Grunt 11 | . 10 . . 1 Subdweller 2 | . . 2 . . Best Kill Streak 5 | . 5 2 . 3 Combat Bots Only 3 | . 3 2 . 3 Max Kills in Single Turn 3 | . 3 1 . 1 Gunslinging . | . . . . . Exploded 2 | . 2 1 . 1 Melee . | . . . . . Uniques/NPCs Destroyed . | . . . . . Combat | -11 -10 -10 -8 -6 -------- Run | Yrd Mat Sub Scr Fac Hostile Shots Fired 301 | . 46 4 . 251 Missed 102 | . 12 2 . 88 Hits 199 | . 34 2 . 163 Melee 3 | . . . . 3 Projectile 196 | . 34 2 . 160 AOE 1 | . . . . 1 Critical Strikes 9 | . . . . 9 Damage Taken 2608 | . 334 32 . 2242 Core 931 | . 44 16 . 871 Absorbed by Shields 43 | . . . . 43 Ignored by Resistances 758 | . 110 9 . 639 Core Remaining (%) 88 | 100 . . 76 . Volleys Fired 48 | . 26 3 . 19 Largest 2 | . 2 2 . 2 Hottest 114 | . 70 60 . 114 Shots Fired 80 | . 50 6 . 24 Gun 39 | . 25 . . 14 Cannon 9 | . . . . 9 Launcher 32 | . 25 6 . 1 Special . | . . . . . Kinetic 21 | . 16 . . 5 Thermal 27 | . 9 . . 18 Explosive 32 | . 25 6 . 1 Electromagnetic . | . . . . . Robot Hit Streak 12 | . 12 9 . 8 Robot Miss Streak 2 | . 2 . . 2 Penetration Max . | . . . . . Secondary Targets 1 | . 1 . . . Max Gunslinging Chain 1 | . 1 . . . Shots Hit Robots 56 | . 30 6 . 20 Core Hits 44 | . 32 4 . 8 Critical Kills . | . . . . . Critical Parts Destroyed . | . . . . . Critical Strikes . | . . . . . Melee Attacks . | . . . . . Impact . | . . . . . Slashing . | . . . . . Piercing . | . . . . . Sneak Attacks . | . . . . . Combat Hostiles . | . . . . . Follow-up Attacks . | . . . . . Damage Inflicted 2045 | . 1187 284 . 574 Guns 403 | . 157 . . 246 Cannons 175 | . . . . 175 Explosions 1452 | . 1026 284 . 142 Melee . | . . . . . Ramming 15 | . 4 . . 11 Kinetic 155 | . 107 . . 48 Thermal 423 | . 50 . . 373 Explosive 1452 | . 1026 284 . 142 Electromagnetic . | . . . . . Impact . | . . . . . Slashing . | . . . . . Piercing . | . . . . . Highest Corruption 1 | . 1 1 . 1 Average Corruption 1 | . 1 1 . 1 Corruption Purged . | . . . . . Corruption Blocked . | . . . . . Effects 2 | . 1 1 . . Matter Fused 1 | . . 1 . . Data Loss (minor) 1 | . 1 . . . Overload Shots . | . . . . . Overflow Damage . | . . . . . Projectiles . | . . . . . Explosions . | . . . . . Melee . | . . . . . Knockbacks . | . . . . . Impact . | . . . . . Kinetic . | . . . . . Secondary . | . . . . . Self-Inflicted Damage 88 | . 88 . . . Shots 6 | . 6 . . . Rammed 2 | . 1 . . 1 Targets Rammed 2 | . 1 . . 1 Kicked . | . . . . . Crushed . | . . . . . Highest Temperature 57 | . 45 . . 57 Average Temperature 18 | . 16 . . 20 Received Heat Transfer 905 | . 126 12 . 767 Siege Activations . | . . . . . Martial Activations . | . . . . . Shielding Activations . | . . . . . Robots Disrupted . | . . . . . Combat Hostiles . | . . . . . Robots Corrupted . | . . . . . Combat Hostiles . | . . . . . Parts Fried . | . . . . . Impact Corruptions . | . . . . . Robots Melted . | . . . . . Combat Hostiles . | . . . . . Parts Melted . | . . . . . Heat Transferred 703 | . 148 . . 555 Parts Sabotaged . | . . . . . Parts Stolen . | . . . . . Parts Stripped . | . . . . . Power Chain Reactions . | . . . . . Alert | -11 -10 -10 -8 -6 ------- Run | Yrd Mat Sub Scr Fac Maximum Alert Level . | . . . . . Low Security (%) 100 | 100 100 . . 100 Level 1 . | . . . . . Level 2 . | . . . . . Level 3 . | . . . . . Level 4 . | . . . . . Level 5 . | . . . . . High Security . | . . . . . Max Security . | . . . . . Peak Influence 185 | . 185 . . 89 Initial . | . . . . . Average 36 | . 80 . . 4 Influence Increases 706 | . 502 . . 204 Destroy 0b10 Robot/C 380 | . 260 . . 120 Destroy 0b10 Robot/NC 25 | . 25 . . . Destroy Leader 54 | . 44 . . 10 Successful Hack 17 | . 17 . . . Disable Machine 45 | . 36 . . 9 Destroy Structure 110 | . 105 . . 5 Lose Combat Pursuer 75 | . 15 . . 60 Influence Decreases 647 | . 400 102 . 145 Entered New Map 57 | . . 57 . . Time Decay 505 | . 400 45 . 60 Lost Part 85 | . . . . 85 Squads Dispatched 7 | . 3 . . 4 Investigation 4 | . 3 . . 1 Extermination 1 | . . . . 1 Reinforcement 2 | . . . . 2 Assault . | . . . . . Garrison . | . . . . . Intercept . | . . . . . Searches Triggered . | . . . . . Construction Impeded . | . . . . . Haulers Reinforced . | . . . . . Active Scanning Responses . | . . . . . Cargo Convoy Interrupts . | . . . . . Stealth | -11 -10 -10 -8 -6 --------- Run | Yrd Mat Sub Scr Fac Distress Signals 3 | . 3 . . . Communications Jammed . | . . . . . Distress Signals . | . . . . . Times Spotted 33 | . 16 2 . 15 Peak Tracking Total 7 | . 4 2 . 7 Tactical Retreats 2 | . 1 . . 1 Traps | -11 -10 -10 -8 -6 ------- Run | Yrd Mat Sub Scr Fac Traps Triggered 3 | . 2 . . 1 Indirectly . | . . . . . Trap Hack Attempts . | . . . . . Triggered . | . . . . . Disarmed . | . . . . . Reprogrammed . | . . . . . Reused . | . . . . . Traps Extracted . | . . . . . Installed . | . . . . . Triggered . | . . . . . Machines | -11 -10 -10 -8 -6 ---------- Run | Yrd Mat Sub Scr Fac Machines Disabled 5 | . 4 . . 1 Max in Single Turn 1 | . 1 . . 1 Machines Repaired . | . . . . . Machines Dismantled . | . . . . . Machines Sabotaged . | . . . . . Overloaded Fab Kills . | . . . . . Hacking | -11 -10 -10 -8 -6 --------- Run | Yrd Mat Sub Scr Fac Machines Accessed 6 | . 6 . . . Terminals 6 | . 6 . . . Fabricators . | . . . . . Repair Stations . | . . . . . Recycling Units . | . . . . . Scanalyzers . | . . . . . Garrison Access . | . . . . . Total Hacks 16 | . 16 . . . Successful 3 | . 3 . . . Failed 12 | . 12 . . . Catastrophic 4 | . 4 . . . Database Lockouts 1 | . 1 . . . Manual 17 | . 17 . . . Terminals 16 | . 16 . . . Fabricators . | . . . . . Repair Stations . | . . . . . Recycling Units . | . . . . . Scanalyzers . | . . . . . Garrison Access . | . . . . . Terminal Hacks 3 | . 3 . . . Robot Analysis 2 | . 2 . . . Branch Access Points 1 | . 1 . . . Fabricator Hacks . | . . . . . Repair Station Hacks . | . . . . . Recycling Unit Hacks . | . . . . . Scanalyzer . | . . . . . Garrison Access Hacks . | . . . . . Unauthorized Hacks . | . . . . . Terminals . | . . . . . Fabricators . | . . . . . Repair Stations . | . . . . . Recycling Units . | . . . . . Scanalyzers . | . . . . . Garrison Access . | . . . . . Data Cores Recovered . | . . . . . Used . | . . . . . Hacking Detections 6 | . 6 . . . Full Trace Events 6 | . 6 . . . Feedback Events . | . . . . . Feedback Blocked . | . . . . . Robot Schematics Acquired . | . . . . . Robots Built . | . . . . . Authchips . | . . . . . Time . | . . . . . Total Robot Build Rating . | . . . . . Part Schematics Acquired . | . . . . . Parts Built . | . . . . . Authchips . | . . . . . Time . | . . . . . Total Part Build Rating . | . . . . . Parts Repaired . | . . . . . Time . | . . . . . Parts Recycled . | . . . . . Recycled Matter . | . . . . . Retrieved Matter . | . . . . . Retrieved Components . | . . . . . Parts Scanalyzed . | . . . . . Part Schematics Acquired . | . . . . . Parts Damaged . | . . . . . Bothacking | -11 -10 -10 -8 -6 ------------ Run | Yrd Mat Sub Scr Fac Used RIF Installer . | . . . . . Robots Hacked . | . . . . . Non-combat . | . . . . . Combat . | . . . . . Robot Hacks Applied . | . . . . . Relay Couplers Released . | . . . . . Fabnet Peak Effective % . | . . . . . Robots Rewired . | . . . . . Allies Hacked . | . . . . . Hacks Repelled . | . . . . . Allies | -11 -10 -10 -8 -6 -------- Run | Yrd Mat Sub Scr Fac Total Allies . | . . . . . Largest Group . | . . . . . Highest-Rated Group . | . . . . . Highest-Rated Ally . | . . . . . Total Orders . | . . . . . Ally Attacks . | . . . . . Total Damage . | . . . . . Kills . | . . . . . Allies Corrupted . | . . . . . Allies Melted . | . . . . . Intel | -11 -10 -10 -8 -6 ------- Run | Yrd Mat Sub Scr Fac Active Infowar (turns) . | . . . . . Robot Analysis Total 2 | . 2 . . . Derelict Logs Recovered . | . . . . . Drone Launches . | . . . . . Drone Recoveries . | . . . . . Exploration | -11 -10 -10 -8 -6 ------------- Run | Yrd Mat Sub Scr Fac Turns Passed 3287 | 92 803 217 1213 962 Spaces Moved 1904 | 53 450 128 751 522 Core 68 | 2 . . . 66 Treads 1701 | 51 450 128 751 321 Legs . | . . . . . Wheels . | . . . . . Hover . | . . . . . Flight 135 | . . . . 135 Fastest Speed 32 | 50 160 160 160 32 Average Speed 162 | 155 160 160 160 170 Slowest Speed 700 | 160 160 160 160 700 Overloaded Moves 11 | . . . . 11 Propulsion Burnouts . | . . . . . Robots Hopped 1 | . . . . 1 Potential Cave-ins . | . . . . . Cave-ins Triggered . | . . . . . Exploration Rate (%) 27 | 4 65 9 48 9 Regions Visited 4 Branch Regions 2 Pre-discovered Areas . | . . . . . Known Exits Taken . | . . . . . Unknown Exits Taken 4 | 1 1 1 1 . Scrap Searched 1 | . . . 1 . Spaces Dug . | . . . . . Terrain Destroyed 173 | . 139 26 . 8 Melee . | . . . . . Projectile . | . . . . . AOE 173 | . 139 26 . 8 Terrain Rammed . | . . . . . Walls Destroyed . | . . . . . Machines Disabled . | . . . . . Actions | -11 -10 -10 -8 -6 --------- Run | Yrd Mat Sub Scr Fac Total 2002 | 60 483 134 763 562 Wait 5 | . . . . 5 Move 1898 | 52 449 127 750 520 Hop 1 | . . . . 1 Pick Up 10 | 2 2 . 4 2 Fast Attach 15 | 6 1 . 3 5 Attach 8 | . 1 . . 7 Detach 2 | . . . 2 . Swap 3 | . 1 . 1 1 Drop 6 | . 2 . 3 1 Fire 48 | . 26 3 . 19 Melee . | . . . . . Ram . | . . . . . Kick . | . . . . . Crush 2 | . 1 . . 1 Escape Stasis . | . . . . . Rewire 4 | . . 4 . . Trap . | . . . . . Miscellaneous . | . . . . . Route ------- -11/Scrapyard -10/Materials (discovered 4 exits: [*Mat] / *Min x2 / [*Sub]) -10/Subcaves -8/Scraptown -6/Factory (discovered 1 exit: [*Fac]) History --------- Turn | Location | Event 2 | -11/Scrapyard | Met Revision 17 60 | -11/Scrapyard | Discovered new exit (range 15) 93 | -11/Scrapyard | Entered Materials 301 | -10/Materials | Build established: Mutant 473 | -10/Materials | Discovered new exit (range 14) 579 | -10/Materials | Central database locked down 619 | -10/Materials | Discovered new exit (range 16) 869 | -10/Materials | Discovered new exit (range 8) 877 | -10/Materials | Identified exit to Mines 896 | -10/Materials | Entered Subcaves 897 | -10/Subcaves | Approached by a straggling Scientist 1107 | -10/Subcaves | Scientist uncovered a shortcut to Scraptown 1113 | -10/Subcaves | Entered Scraptown 1113 | -8/Scraptown | System corruption cleaned by C-Scrubber 1717 | -8/Scraptown | Visited Awakened 1762 | -8/Scraptown | Visited Supply Room 2206 | -8/Scraptown | Visited Bundlers 2312 | -8/Scraptown | Discovered new exit (range 5) 2326 | -8/Scraptown | Entered Factory 2326 | -6/Factory | Evolved 8 slots: Power x1, Propulsion x1, Utility x3, Weapon x3 2616 | -6/Factory | Build established: Bomber 3161 | -6/Factory | Core integrity fell below 50% 3201 | -6/Factory | Core integrity fell below 20% 3229 | -6/Factory | Lost 13 parts (1p2n2u8w) 3233 | -6/Factory | Discovered new exit (range 15) 3288 | -6/Factory | Destroyed by H-61 Shepherd with Heavy Assault Cannon Last Messages --------------- Penetrated by Slug. Imp. Terrain Scan Processor destroyed. Critical hit (Blast). R-10 Processor collects Target Analyzer. U-05 Engineer lays Concrete. H-61 Shepherd calls for reinforcements. ALERT: Hostile activity reported, dispatching reinforcements to area. U-05 Engineer lays Concrete. Imp. Heavy Laser destroyed. R-10 Processor collects Gravmag System. U-05 Engineer lays Concrete. R-10 Processor collects VTOL Module. U-05 Engineer lays Concrete. Acquired Surge Thruster. U-05 Engineer builds a Wall. U-05 Engineer lays Concrete. Acquired 39 matter. U-05 Engineer lays Concrete. U-05 Engineer builds a Wall. Map ----- +----------------------------------------------------+ | ?????????????????????????????????????????????????? | | ?????????????????????????????????????????????????? | | ?????????????????????????????????????????????????? | | ?????????????????????????????????????????????????? | | ?????????????????????????????????????????????????? | | ?????????????????????????????????????????????????? | | ?????????????????????????????????????????????????? | | ?????????????????????????????????????????????????? | | ?????????????????????????????????????????????????? | | ????????????????????????????????????????????????## | | ????????????????????????????????????????????????# | | ????????????????????????????????????????????????# | | ????????????????????????????????????????######### | | ????????????????????????????????????????# + | | ????????????????????????????????????????# ####### | | ????????????????????????????????????????# #?????# | | ????????????????????????????????????????# #?????# | | ????????????????????????##+############## #??#### | | ??????????????????####### ## ### | | ????????????????? k < | | ?????????????????????# u ## ### | | ?????????????????????# #??/#??? | | ?????????????????????#+# #??? ?? | | ???????????????????????# u%#######????? ? | | ???????????????????????# %R #????????????# | | ???????????????????????+ @ Hu #????????????? | | ???????????????????????# ##; # "####?????????? | | ???????????????????????# # #?????????? | | ???????????????????????####### #?????????? | | ?????????????????????????????# % #?????????? | | ?????????????????????????????# #?????????? | | ????????????????????????????#"% #?????????? | | ????????????????????????????##% #?????##### | | ?????????????????????????????# !#?????# | | ?????????????????????????????# #?????# | | ?????????????????????????????###########?????# | | ?????????????????????????????????????????????# | | ?????????????????????????????????????????????# | | ?????????????????????????????????????????????# | | ?????????????????????????????????????????????# | | ?????????????????????????????????????????????# | | ?????????????????????????????????????????????##### | | ?????????????????????????????????????????????????? | | ?????????????????????????????????????????????????? | | ?????????????????????????????????????????????????? | | ?????????????????????????????????????????????????? | | ?????????????????????????????????????????????????? | | ?????????????????????????????????????????????????? | | ???????????????????????????????????????????####+## | | ???????????????????????????????????????????# | +----------------------------------------------------+ Best States ------------- Heat Dissipation 37 Energy Generation 38 Energy Capacity 310 Matter Stores 300 Matter Capacity 300 Sight Range 16 Terrain Scan Density 110 Resistance: KI 20 Resistance: TH 20 Resistance: EX 20 Resistance: EM 20 Resistance: I 20 Resistance: S 20 Resistance: P 20 Evasion (%) 63 Recoil Reduction 2 Offensive Hacking 10 Item Schematics ----------------- None Robot Schematics ------------------ None Fabricated ------------ Nothing Repaired ---------- Nothing Alien Tech Used ----------------- None Achievements -------------- None Challenges ------------ None Game ------ Seed FlyingXenonFemtoactuators Manual? 0 Play Time 00:22:02 Cumulative 14.7 hours Start 2025.06.10 @ 14:54:59 End 2025.06.10 @ 15:11:59 Sessions 1 Manual Loads 0 Difficulty Adventurer Special Mode None Game No. 41 Rogue 0 Adventurer 41 Explorer 0 Win Type - Total 0 Types 0/0/0/0/0/0/0/0/0/0 Lore% 16 Gallery% 15 Achievement% 17 Wizard Run 0 Options --------- Layout 1 ASCII 0 Keyboard 0 Movement Arrows Keybinds 0 Fullscreen 1 Font 36/Smallcaps Map View 50x43 Zoom Use 0% Tactical HUD 0 Map Filters NONE Filters NONE Steam 1 RUN: 67492e6c-56b9-4865-89fe-bd50c1e8e1b3